Chicago Black Hawks vs Colorado Rockies
Created - Monday, October 30, 2023 at 07:09
Goals
|
| Chicago Black Hawks |
0 |
1 |
2 |
3 |
| Colorado Rockies |
1 |
0 |
0 |
1 |
|
Shots
|
| Chicago Black Hawks |
9 |
8 |
14 |
31 |
| Colorado Rockies |
15 |
6 |
13 |
34 |
|
1st period
1. Colorado Rockies , Nick Schmaltz 11 (Dylan Strome 11) at 13:51
Penalties :
No Penalty
2nd period
2. Chicago Black Hawks , Michael Rasmussen 6 (Brent Burns 17, Seth Jones 21) at 14:39
Penalties :
Victor Hedman (COL) for Diving (Minor) at 0:22, Timothy Liljegren (COL) for Hooking (Minor) at 2:52, David Pastrnak (COL) for Hooking (Minor) at 7:44, Brent Burns (CHI) for Interference (Minor) at 14:58, Victor Hedman (COL) for Tripping (Minor) at 18:47
3rd period
3. Chicago Black Hawks , Vincent Trocheck 22 (Kevin Fiala 30, Bo Horvat 33) at 4:49 (PP)
4. Chicago Black Hawks , Patrice Bergeron 19 (Devon Toews 12, Kevin Fiala 31) at 16:15
Penalties :
Roman Josi (COL) for Holding Stick (Minor) at 4:39, Evgeny Kuznetsov (COL) for Holding (Minor) at 17:30
Goalie Stats
Thatcher Demko (CHI), 33 saves from 34 shots - (0.971), W, 16-9-4, 60:00 minutes
Andrei Vasilevskiy (COL), 28 saves from 31 shots - (0.903), L, 17-10-2, 60:00 minutes
Players Stats for Chicago Black Hawks
Player Name G A P +/- PIM S H SB GA TA FO MP PP MP PK MP
------------------------------------------------------------------------------------
Barrett Hayton 0 0 0 0 0 1 1 0 1 0 0/0 17:53 4:50 0:00
Bo Horvat 0 1 1 0 0 4 1 1 1 0 11/23 18:17 5:15 0:00
Brent Burns 0 1 1 0 2 2 2 1 1 1 0/0 22:45 5:14 0:00
Cal Clutterbuck 0 0 0 0 0 2 2 1 0 0 1/1 14:05 0:00 1:04
Christopher Tanev 0 0 0 0 0 1 0 0 0 0 0/0 14:58 0:00 1:07
Cole Perfetti 0 0 0 0 0 2 0 0 2 0 0/0 7:44 0:00 0:00
Devon Toews 0 1 1 1 0 1 1 0 0 0 0/0 16:33 0:00 0:11
Frederick Gaudreau 0 0 0 0 0 0 0 0 1 0 2/4 13:23 4:50 1:04
Jaden Schwartz 0 0 0 0 0 1 1 0 1 0 0/1 12:56 0:00 0:00
Kevin Fiala 0 2 2 1 0 4 0 0 1 0 0/0 19:19 5:15 0:00
Michael Rasmussen 1 0 1 0 0 4 1 0 0 0 0/0 13:43 0:00 0:55
Morgan Frost 0 0 0 0 0 0 0 0 1 0 5/7 13:20 0:00 0:00
Morgan Rielly 0 0 0 1 0 1 0 2 1 0 0/0 22:20 4:51 0:52
Patrice Bergeron 1 0 1 1 0 4 1 1 0 1 7/17 19:54 4:50 0:55
Seth Jones 0 1 1 0 0 2 2 3 0 0 0/0 23:34 5:14 0:52
Shane Pinto 0 0 0 0 0 0 0 0 0 0 0/0 8:04 0:00 0:00
Travis Sanheim 0 0 0 0 0 0 0 0 0 0 0/0 19:53 4:51 0:56
Vincent Trocheck 1 0 1 1 0 2 1 0 0 0 1/1 19:19 5:15 0:00
Players Stats for Colorado Rockies
Player Name G A P +/- PIM S H SB GA TA FO MP PP MP PK MP
------------------------------------------------------------------------------------
David Pastrnak 0 0 0 0 2 1 4 2 0 0 1/5 18:32 0:58 3:51
Dylan Strome 0 1 1 1 0 2 1 1 0 0 0/1 17:09 0:00 4:44
Evgeny Kuznetsov 0 0 0 -2 2 1 2 0 0 0 1/1 9:59 1:01 0:00
Jakub Vrana 0 0 0 -2 0 1 0 1 0 0 0/1 8:44 0:00 0:00
Jesper Bratt 0 0 0 0 0 5 1 2 1 0 0/0 14:03 0:00 0:26
Kevin Hayes 0 0 0 0 0 7 2 0 0 0 0/1 12:45 0:00 0:00
Kyle Connor 0 0 0 0 0 1 0 1 0 1 0/2 19:22 0:58 4:55
Kyle Palmieri 0 0 0 -2 0 2 1 0 0 0 0/0 8:44 0:00 0:00
Martin Fehervary 0 0 0 0 0 0 0 1 1 2 0/0 13:50 0:00 0:00
Nick Bonino 0 0 0 1 0 3 0 0 0 0 0/0 12:00 0:00 0:09
Nick Schmaltz 1 0 1 1 0 1 0 0 0 2 6/8 14:20 1:01 0:49
Quinn Hughes 0 0 0 -1 0 2 2 1 0 0 0/0 23:28 1:00 4:58
Roman Josi 0 0 0 0 2 1 1 2 0 1 0/0 22:52 0:59 5:28
Ryan O'Reilly 0 0 0 0 0 3 1 0 0 0 6/10 13:27 1:01 0:00
Shea Theodore 0 0 0 0 0 2 1 2 0 1 0/0 22:42 0:59 5:07
Tim Stutzle 0 0 0 0 0 2 1 1 0 2 13/25 20:11 0:58 5:16
Timothy Liljegren 0 0 0 0 2 0 0 1 0 0 0/0 16:08 0:00 1:49
Victor Hedman 0 0 0 -1 4 0 0 2 0 1 0/0 21:33 1:00 2:48
3 Stars
1 - Thatcher Demko (CHI)
2 - Patrice Bergeron (CHI)
3 - Vincent Trocheck (CHI)
Power Play
Chicago Black Hawks - 1 on 6 Attempt(s) - 16.67%
Colorado Rockies - 0 on 1 Attempt(s) - 0.00%
Penalty Kill
Chicago Black Hawks - 1 on 1 Attempt(s) - 100.00%
- Score 0 goal in Penalty Kill
Colorado Rockies - 5 on 6 Attempt(s) - 83.33%
- Score 0 goal in Penalty Kill
Team Stat
Chicago Black Hawks - Hits : 13 - Faceoff Wins : 27 - Blocked Shots : 9 - Penalty Minutes : 2
Colorado Rockies - Hits : 17 - Faceoff Wins : 27 - Blocked Shots : 17 - Penalty Minutes : 12
Official
Referees : Brad Watson and Mark Lemelin
Linesman : Scott Driscoll and Scott Cherrey
Game Notes
No Game Note
Finance
Level 1 -- Attendance: 5565 (92.75%) -- Ticket Income $500,850
Level 2 -- Attendance: 5000 (100.00%) -- Ticket Income $275,000
Level 3 -- Attendance: 2407 (80.23%) -- Ticket Income $84,245
Level 4 -- Attendance: 3689 (73.78%) -- Ticket Income $92,225
Luxury Box -- Attendance: 1000 (100.00%) -- Ticket Income $175,000
Game was played at the Pepsi Center.
Total Attendance: 17661 (88.31%)
Total Ticket Income: $1,127,320
Other Income: $394,562
Total Income: $1,521,882
Chicago Black Hawks
5 vs 5 Forward
Center Left Wing Right Wing Time % Phy DF OF
1 Patrice Bergeron Kevin Fiala Vincent Trocheck 30 1 2 2
2 Bo Horvat Barrett Hayton Jaden Schwartz 30 1 2 2
3 Morgan Frost Michael Rasmussen Cal Clutterbuck 25 1 2 2
4 Frederick Gaudreau Cole Perfetti Shane Pinto 15 1 2 2
5 vs 5 Defense
Defense Defense Time % Phy DF OF
1 Brent Burns Seth Jones 35 0 3 2
2 Morgan Rielly Devon Toews 35 0 3 2
3 Christopher Tanev Travis Sanheim 30 0 3 2
4 Brent Burns Seth Jones 0 0 4 1
PowerPlay Forward
Center Left Wing Right Wing Time % Phy DF OF
1 Bo Horvat Kevin Fiala Vincent Trocheck 50 0 0 5
2 Patrice Bergeron Barrett Hayton Frederick Gaudreau 50 0 0 5
PowerPlay Defense
Defense Defense Time % Phy DF OF
1 Brent Burns Seth Jones 50 0 0 5
2 Morgan Rielly Travis Sanheim 50 0 0 5
Penalty Kill 4 Players Forward
Center Wing Time % Phy DF OF
1 Frederick Gaudreau Cal Clutterbuck 50 0 5 0
2 Patrice Bergeron Michael Rasmussen 50 0 5 0
Penalty Kill 4 Players Defense
Defense Defense Time % Phy DF OF
1 Brent Burns Christopher Tanev 50 0 5 0
2 Seth Jones Morgan Rielly 50 0 5 0
Penalty Kill - 3 Players Forward
Forward Time % Phy DF OF
1 Frederick Gaudreau 50 0 5 0
2 Bo Horvat 50 0 5 0
Penalty Kill - 3 Players Defense
Defense Defense Time % Phy DF OF
1 Seth Jones Brent Burns 50 0 5 0
2 Christopher Tanev Devon Toews 50 0 5 0
4 vs 4 Forward
Center Wing Time % Phy DF OF
1 Vincent Trocheck Morgan Frost 50 1 2 2
2 Barrett Hayton Kevin Fiala 50 1 2 2
4 vs 4 Defense
Defense Defense Time % Phy DF OF
1 Brent Burns Travis Sanheim 50 0 3 2
2 Devon Toews Seth Jones 50 0 3 2
Last Minutes Offensive
Center Left Wing Right Wing Defense Defense
Patrice Bergeron Kevin Fiala Vincent Trocheck Brent Burns Seth Jones
Last Minutes Defensive
Center Left Wing Right Wing Defense Defense
Bo Horvat Michael Rasmussen Frederick Gaudreau Brent Burns Seth Jones
Goaltenders
Starting : Thatcher Demko
Backup : Jordan Binnington
Extra Forwards
Normal : Shane Pinto, Morgan Frost, Bo Horvat - PP : Shane Pinto, Morgan Frost - PK : Bo Horvat
Extra Defensemen
Normal : Christopher Tanev, Travis Sanheim, Morgan Rielly - PP : Christopher Tanev - PK : Travis Sanheim, Brent Burns
Penalty Shots
Frederick Gaudreau, Devon Toews, Barrett Hayton, Brent Burns, Bo Horvat
Colorado Rockies
5 vs 5 Forward
Center Left Wing Right Wing Time % Phy DF OF
1 Tim Stutzle David Pastrnak Kyle Connor 30 1 2 2
2 Ryan O'Reilly Jesper Bratt Kevin Hayes 30 1 2 2
3 Nick Schmaltz Dylan Strome Nick Bonino 25 1 2 2
4 Evgeny Kuznetsov Kyle Palmieri Jakub Vrana 15 1 2 2
5 vs 5 Defense
Defense Defense Time % Phy DF OF
1 Victor Hedman Quinn Hughes 35 1 2 2
2 Roman Josi Shea Theodore 35 1 2 2
3 Martin Fehervary Timothy Liljegren 30 1 2 2
4 Victor Hedman Quinn Hughes 0 1 2 2
PowerPlay Forward
Center Left Wing Right Wing Time % Phy DF OF
1 Tim Stutzle David Pastrnak Kyle Connor 50 1 2 2
2 Ryan O'Reilly Nick Schmaltz Evgeny Kuznetsov 50 1 2 2
PowerPlay Defense
Defense Defense Time % Phy DF OF
1 Victor Hedman Quinn Hughes 50 1 2 2
2 Roman Josi Shea Theodore 50 1 2 2
Penalty Kill 4 Players Forward
Center Wing Time % Phy DF OF
1 Tim Stutzle Kyle Connor 50 1 2 2
2 David Pastrnak Dylan Strome 50 1 2 2
Penalty Kill 4 Players Defense
Defense Defense Time % Phy DF OF
1 Victor Hedman Quinn Hughes 50 1 2 2
2 Roman Josi Shea Theodore 50 1 2 2
Penalty Kill - 3 Players Forward
Forward Time % Phy DF OF
1 Tim Stutzle 50 1 2 2
2 David Pastrnak 50 1 2 2
Penalty Kill - 3 Players Defense
Defense Defense Time % Phy DF OF
1 Victor Hedman Quinn Hughes 50 1 2 2
2 Roman Josi Shea Theodore 50 1 2 2
4 vs 4 Forward
Center Wing Time % Phy DF OF
1 Tim Stutzle Ryan O'Reilly 50 1 2 2
2 David Pastrnak Kyle Connor 50 1 2 2
4 vs 4 Defense
Defense Defense Time % Phy DF OF
1 Victor Hedman Quinn Hughes 50 1 2 2
2 Roman Josi Shea Theodore 50 1 2 2
Last Minutes Offensive
Center Left Wing Right Wing Defense Defense
Tim Stutzle Kyle Connor David Pastrnak Victor Hedman Quinn Hughes
Last Minutes Defensive
Center Left Wing Right Wing Defense Defense
Tim Stutzle Kyle Connor David Pastrnak Victor Hedman Quinn Hughes
Goaltenders
Starting : Andrei Vasilevskiy
Backup : Ilya Samsonov
Extra Forwards
Normal : Nick Schmaltz, Evgeny Kuznetsov, Dylan Strome - PP : Nick Schmaltz, Evgeny Kuznetsov - PK : Dylan Strome
Extra Defensemen
Normal : Martin Fehervary, Timothy Liljegren, Roman Josi - PP : Martin Fehervary - PK : Timothy Liljegren, Roman Josi
Penalty Shots
Tim Stutzle, Evgeny Kuznetsov, David Pastrnak, Kyle Connor, Ryan O'Reilly
% Time on Ice - Chicago Black Hawks
Lines # - Real PCT - Wanted PCT - Time Play
Normal Forward
1 - 30% - 30% - 14:27
2 - 27% - 30% - 13:07
3 - 26% - 25% - 12:38
4 - 16% - 15% - 7:44
Normal Defense
1 - 33% - 35% - 15:56
2 - 35% - 35% - 16:37
3 - 29% - 30% - 13:47
4 - 3% - 0% - 1:36
PP Forward
1 - 52% - 50% - 5:15
2 - 48% - 50% - 4:50
PP Defense
1 - 52% - 50% - 5:14
2 - 48% - 50% - 4:51
PK Forward
1 - 54% - 50% - 1:04
2 - 46% - 50% - 0:55
PK Defense
1 - 56% - 50% - 1:07
2 - 44% - 50% - 0:52
PK3 Forward
1 - 0% - 50%
2 - 0% - 50%
PK3 Defense
1 - 0% - 50%
2 - 0% - 50%
44 Forward
1 - 0% - 50%
2 - 0% - 50%
44 Defense
1 - 0% - 50%
2 - 0% - 50%
Last Minute Offensive - 0:00
Last Minute Defensive - 0:00
Total
Forward - 60:00
Defense - 60:00
|
% Time on Ice - Colorado Rockies
Lines # - Real PCT - Wanted PCT - Time Play
Normal Forward
1 - 29% - 30% - 13:54
2 - 28% - 30% - 13:27
3 - 25% - 25% - 11:51
4 - 18% - 15% - 8:44
Normal Defense
1 - 37% - 35% - 17:30
2 - 35% - 35% - 16:36
3 - 29% - 30% - 13:50
4 - 0% - 0% - 0:00
PP Forward
1 - 49% - 50% - 0:58
2 - 51% - 50% - 1:01
PP Defense
1 - 50% - 50% - 1:00
2 - 50% - 50% - 0:59
PK Forward
1 - 49% - 50% - 4:55
2 - 51% - 50% - 5:10
PK Defense
1 - 49% - 50% - 4:58
2 - 51% - 50% - 5:07
PK3 Forward
1 - 0% - 50%
2 - 0% - 50%
PK3 Defense
1 - 0% - 50%
2 - 0% - 50%
44 Forward
1 - 0% - 50%
2 - 0% - 50%
44 Defense
1 - 0% - 50%
2 - 0% - 50%
Last Minute Offensive - 0:00
Last Minute Defensive - 0:00
Total
Forward - 60:00
Defense - 60:00
|
Play-by-Play
1st period
0:01 of 1st period - Tim Stutzle wins face-off versus Patrice Bergeron in neutral zone.
0:04 of 1st period - Kevin Fiala is hit by David Pastrnak and loses puck.
0:27 of 1st period - Victor Hedman is hit by Jaden Schwartz and loses puck.
0:39 of 1st period - Seth Jones is hit by Kevin Hayes and loses puck.
1:24 of 1st period - Snap shot by Kyle Palmieri.
1:24 of 1st period - Stopped by Thatcher Demko with a rebound.
1:34 of 1st period - Morgan Rielly is hit by David Pastrnak and loses puck.
1:39 of 1st period - Slapshot by Tim Stutzle.
1:39 of 1st period - Deflect By Morgan Rielly.
1:39 of 1st period - Stopped by Thatcher Demko without a rebound.
1:40 of 1st period - Patrice Bergeron wins face-off versus Tim Stutzle in Chicago Black Hawks zone.
2:04 of 1st period - Snap shot by David Pastrnak.
2:04 of 1st period - Stopped by Thatcher Demko without a rebound.
2:05 of 1st period - Ryan O'Reilly wins face-off versus Bo Horvat in Chicago Black Hawks zone.
2:21 of 1st period - Wrist shot by Bo Horvat.
2:21 of 1st period - Shot Misses the Net.
4:16 of 1st period - Quinn Hughes is hit by Cal Clutterbuck and loses puck.
4:33 of 1st period - Snap shot by Ryan O'Reilly.
4:33 of 1st period - Shot Misses the Net.
4:59 of 1st period - Tim Stutzle is hit by Devon Toews.
6:05 of 1st period - Wrist shot by Kevin Fiala.
6:05 of 1st period - Stopped by Andrei Vasilevskiy without a rebound.
6:06 of 1st period - Tim Stutzle wins face-off versus Patrice Bergeron in Colorado Rockies zone.
6:33 of 1st period - Snap shot by Kevin Fiala.
6:33 of 1st period - Stopped by Andrei Vasilevskiy without a rebound.
6:34 of 1st period - Bo Horvat wins face-off versus Ryan O'Reilly in Colorado Rockies zone.
6:43 of 1st period - Wrist shot by Bo Horvat.
6:43 of 1st period - Stopped by Andrei Vasilevskiy without a rebound.
6:44 of 1st period - Ryan O'Reilly wins face-off versus Bo Horvat in Colorado Rockies zone.
6:49 of 1st period - Wrist shot by Jesper Bratt.
6:49 of 1st period - Shot Misses the Net.
6:51 of 1st period - Slapshot by Martin Fehervary.
6:51 of 1st period - Shot Blocked by Seth Jones.
6:53 of 1st period - Snap shot by Kevin Hayes.
6:53 of 1st period - Shot Blocked by Brent Burns.
7:01 of 1st period - Wrist shot by Jesper Bratt.
7:01 of 1st period - Shot Blocked by Seth Jones.
7:03 of 1st period - Wrist shot by Ryan O'Reilly.
7:03 of 1st period - Shot Misses the Net.
7:05 of 1st period - Snap shot by Kevin Hayes.
7:05 of 1st period - Stopped by Thatcher Demko with a rebound.
7:07 of 1st period - Slapshot by Martin Fehervary.
7:07 of 1st period - Deflect By Ryan O'Reilly.
7:07 of 1st period - Shot Blocked by Bo Horvat.
7:07 of 1st period - Puck is out of play.
7:08 of 1st period - Nick Schmaltz wins face-off versus Morgan Frost in Chicago Black Hawks zone.
7:35 of 1st period - Cal Clutterbuck is hit by Kyle Palmieri and loses puck.
8:02 of 1st period - Wrist shot by Jesper Bratt.
8:02 of 1st period - Shot Misses the Net.
8:04 of 1st period - Snap shot by Ryan O'Reilly.
8:04 of 1st period - Stopped by Thatcher Demko without a rebound.
8:05 of 1st period - Patrice Bergeron wins face-off versus Ryan O'Reilly in Chicago Black Hawks zone.
8:22 of 1st period - Slapshot by Kevin Hayes.
8:22 of 1st period - Stopped by Thatcher Demko with a rebound.
8:42 of 1st period - Wrist shot by Ryan O'Reilly.
8:42 of 1st period - Shot Misses the Net.
8:56 of 1st period - Slapshot by Jesper Bratt.
8:56 of 1st period - Shot Misses the Net.
9:52 of 1st period - Snap shot by Jesper Bratt.
9:52 of 1st period - Shot Blocked by Seth Jones.
9:54 of 1st period - Slapshot by Martin Fehervary.
9:54 of 1st period - Shot Blocked by Patrice Bergeron.
9:56 of 1st period - Snap shot by Kevin Hayes.
9:56 of 1st period - Shot Misses the Net.
9:58 of 1st period - Wrist shot by Kevin Hayes.
9:58 of 1st period - Shot Misses the Net.
10:00 of 1st period - Snap shot by Ryan O'Reilly.
10:00 of 1st period - Shot Misses the Net.
10:02 of 1st period - Snap shot by Ryan O'Reilly.
10:02 of 1st period - Stopped by Thatcher Demko with a rebound.
10:04 of 1st period - Snap shot by Kevin Hayes.
10:04 of 1st period - Stopped by Thatcher Demko with a rebound.
10:06 of 1st period - Snap shot by Kevin Hayes.
10:06 of 1st period - Deflect By Jesper Bratt.
10:06 of 1st period - Shot Misses the Net.
10:06 of 1st period - Puck is out of play.
10:07 of 1st period - Bo Horvat wins face-off versus Kyle Connor in Chicago Black Hawks zone.
10:15 of 1st period - Icing by Christopher Tanev.
10:16 of 1st period - Bo Horvat wins face-off versus Tim Stutzle in Chicago Black Hawks zone.
10:24 of 1st period - Off-side.
10:25 of 1st period - Nick Schmaltz wins face-off versus Bo Horvat in neutral zone.
10:38 of 1st period - Slapshot by Bo Horvat.
10:38 of 1st period - Shot Misses the Net.
10:40 of 1st period - Slapshot by Christopher Tanev.
10:40 of 1st period - Stopped by Andrei Vasilevskiy without a rebound.
10:41 of 1st period - Morgan Frost wins face-off versus Tim Stutzle in Colorado Rockies zone.
10:42 of 1st period - Snap shot by Michael Rasmussen.
10:42 of 1st period - Shot Blocked by David Pastrnak.
10:44 of 1st period - Snap shot by Morgan Rielly.
10:44 of 1st period - Shot Blocked by Kyle Connor.
10:46 of 1st period - Snap shot by Michael Rasmussen.
10:46 of 1st period - Stopped by Andrei Vasilevskiy with a rebound.
10:48 of 1st period - Wrist shot by Morgan Frost.
10:48 of 1st period - Shot Blocked by David Pastrnak.
12:21 of 1st period - Snap shot by Dylan Strome.
12:21 of 1st period - Stopped by Thatcher Demko with a rebound.
12:39 of 1st period - Slapshot by Tim Stutzle.
12:39 of 1st period - Shot Misses the Net.
12:54 of 1st period - Icing by Ryan O'Reilly.
12:55 of 1st period - Ryan O'Reilly wins face-off versus Patrice Bergeron in Colorado Rockies zone.
13:02 of 1st period - Snap shot by Kevin Hayes.
13:02 of 1st period - Stopped by Thatcher Demko with a rebound.
13:12 of 1st period - Snap shot by Kevin Hayes.
13:12 of 1st period - Stopped by Thatcher Demko without a rebound.
13:13 of 1st period - Tim Stutzle wins face-off versus Bo Horvat in Chicago Black Hawks zone.
13:51 of 1st period - Wrist shot by Nick Schmaltz.
13:51 of 1st period - Goal by Nick Schmaltz - Chicago Black Hawks : 0 - Colorado Rockies : 1.
13:52 of 1st period - Tim Stutzle wins face-off versus Frederick Gaudreau in neutral zone.
14:03 of 1st period - Snap shot by Cole Perfetti.
14:03 of 1st period - Stopped by Andrei Vasilevskiy without a rebound.
14:04 of 1st period - Bo Horvat wins face-off versus Dylan Strome in Colorado Rockies zone.
14:05 of 1st period - Snap shot by Barrett Hayton.
14:05 of 1st period - Stopped by Andrei Vasilevskiy with a rebound.
15:17 of 1st period - Snap shot by Jesper Bratt.
15:17 of 1st period - Stopped by Thatcher Demko without a rebound.
15:18 of 1st period - Patrice Bergeron wins face-off versus Nick Schmaltz in Chicago Black Hawks zone.
15:32 of 1st period - Icing by Kevin Fiala.
15:33 of 1st period - Patrice Bergeron wins face-off versus Tim Stutzle in Chicago Black Hawks zone.
15:42 of 1st period - Tim Stutzle is hit by Seth Jones and loses puck.
16:11 of 1st period - Wrist shot by Patrice Bergeron.
16:11 of 1st period - Stopped by Andrei Vasilevskiy with a rebound.
16:21 of 1st period - Slapshot by Kevin Fiala.
16:21 of 1st period - Shot Misses the Net.
16:23 of 1st period - Snap shot by Morgan Rielly.
16:23 of 1st period - Shot Misses the Net.
16:44 of 1st period - Patrice Bergeron is hit by Dylan Strome and loses puck.
17:11 of 1st period - Snap shot by Patrice Bergeron.
17:11 of 1st period - Shot Blocked by Roman Josi.
18:00 of 1st period - Snap shot by Kevin Fiala.
18:00 of 1st period - Stopped by Andrei Vasilevskiy with a rebound.
18:19 of 1st period - Snap shot by Nick Bonino.
18:19 of 1st period - Stopped by Thatcher Demko with a rebound.
18:21 of 1st period - Slapshot by Roman Josi.
18:21 of 1st period - Shot Misses the Net.
18:23 of 1st period - Slapshot by Nick Bonino.
18:23 of 1st period - Stopped by Thatcher Demko without a rebound.
18:24 of 1st period - Tim Stutzle wins face-off versus Bo Horvat in Chicago Black Hawks zone.
Goals for this period are 0 for Chicago Black Hawks vs 1 for Colorado Rockies.
Shots for this period are 9 for Chicago Black Hawks vs 15 for Colorado Rockies.
2nd period
0:01 of 2nd period - Bo Horvat wins face-off versus Tim Stutzle in neutral zone.
0:10 of 2nd period - Snap shot by Bo Horvat.
0:10 of 2nd period - Stopped by Andrei Vasilevskiy with a rebound.
0:12 of 2nd period - Slapshot by Seth Jones.
0:12 of 2nd period - Shot Misses the Net.
0:22 of 2nd period - Minor Penalty to Victor Hedman for Diving.
0:23 of 2nd period - Tim Stutzle wins face-off versus Bo Horvat in Colorado Rockies zone.
1:42 of 2nd period - Morgan Rielly is hit by Roman Josi and loses puck.
2:22 of 2nd period - Penalty to Victor Hedman is over, Victor Hedman is back on ice.
2:29 of 2nd period - Icing by Timothy Liljegren.
2:30 of 2nd period - Cal Clutterbuck wins face-off versus David Pastrnak in Colorado Rockies zone.
2:31 of 2nd period - Slapshot by Michael Rasmussen.
2:31 of 2nd period - Deflect By Morgan Frost.
2:31 of 2nd period - Shot Blocked by Dylan Strome.
2:31 of 2nd period - Puck is out of play.
2:32 of 2nd period - Ryan O'Reilly wins face-off versus Morgan Frost in Colorado Rockies zone.
2:52 of 2nd period - Minor Penalty to Timothy Liljegren for Hooking.
2:53 of 2nd period - Patrice Bergeron wins face-off versus David Pastrnak in Colorado Rockies zone.
2:55 of 2nd period - Wrist shot by Patrice Bergeron.
2:55 of 2nd period - Shot Misses the Net.
2:57 of 2nd period - Backhand shot by Travis Sanheim.
2:57 of 2nd period - Deflect By Barrett Hayton.
2:57 of 2nd period - Shot Blocked by Shea Theodore.
2:57 of 2nd period - Puck is out of play.
2:58 of 2nd period - David Pastrnak wins face-off versus Patrice Bergeron in Colorado Rockies zone.
3:27 of 2nd period - Snap shot by David Pastrnak.
3:27 of 2nd period - Shot Misses the Net.
3:29 of 2nd period - Snap shot by Roman Josi.
3:29 of 2nd period - Stopped by Thatcher Demko without a rebound.
3:30 of 2nd period - Bo Horvat wins face-off versus David Pastrnak in Chicago Black Hawks zone.
4:44 of 2nd period - Morgan Rielly is hit by David Pastrnak and loses puck.
4:52 of 2nd period - Penalty to Timothy Liljegren is over, Timothy Liljegren is back on ice.
5:19 of 2nd period - Seth Jones is hit by Quinn Hughes and loses puck.
6:22 of 2nd period - Snap shot by Jesper Bratt.
6:22 of 2nd period - Stopped by Thatcher Demko with a rebound.
6:43 of 2nd period - Slapshot by Morgan Frost.
6:43 of 2nd period - Shot Misses the Net.
6:45 of 2nd period - Snap shot by Cal Clutterbuck.
6:45 of 2nd period - Stopped by Andrei Vasilevskiy without a rebound.
6:46 of 2nd period - Nick Schmaltz wins face-off versus Bo Horvat in Colorado Rockies zone.
6:46 of 2nd period - Nick Schmaltz is hit by Barrett Hayton.
7:12 of 2nd period - Cal Clutterbuck is hit by Kevin Hayes and loses puck.
7:19 of 2nd period - Snap shot by Jesper Bratt.
7:19 of 2nd period - Stopped by Thatcher Demko with a rebound.
7:21 of 2nd period - Backhand shot by Ryan O'Reilly.
7:21 of 2nd period - Shot Misses the Net.
7:23 of 2nd period - Slapshot by Roman Josi.
7:23 of 2nd period - Shot Misses the Net.
7:44 of 2nd period - Minor Penalty to David Pastrnak for Hooking.
7:45 of 2nd period - Patrice Bergeron wins face-off versus Kyle Connor in Colorado Rockies zone.
7:47 of 2nd period - Wrist shot by Barrett Hayton.
7:47 of 2nd period - Shot Blocked by Quinn Hughes.
9:42 of 2nd period - Quinn Hughes is hit by Brent Burns and loses puck.
9:44 of 2nd period - Penalty to David Pastrnak is over, David Pastrnak is back on ice.
10:00 of 2nd period - Snap shot by Morgan Frost.
10:00 of 2nd period - Shot Blocked by Jesper Bratt.
10:02 of 2nd period - Slapshot by Seth Jones.
10:02 of 2nd period - Stopped by Andrei Vasilevskiy with a rebound.
10:04 of 2nd period - Slapshot by Brent Burns.
10:04 of 2nd period - Stopped by Andrei Vasilevskiy with a rebound.
10:24 of 2nd period - Snap shot by Evgeny Kuznetsov.
10:24 of 2nd period - Shot Misses the Net.
11:37 of 2nd period - Kevin Fiala is hit by Ryan O'Reilly and loses puck.
11:53 of 2nd period - Icing by Morgan Rielly.
11:54 of 2nd period - Morgan Frost wins face-off versus Tim Stutzle in Chicago Black Hawks zone.
12:01 of 2nd period - Snap shot by Morgan Rielly.
12:01 of 2nd period - Stopped by Andrei Vasilevskiy with a rebound.
12:03 of 2nd period - Slapshot by Cal Clutterbuck.
12:03 of 2nd period - Stopped by Andrei Vasilevskiy without a rebound.
12:04 of 2nd period - Ryan O'Reilly wins face-off versus Bo Horvat in Colorado Rockies zone.
12:09 of 2nd period - Snap shot by Jesper Bratt.
12:09 of 2nd period - Shot Misses the Net.
12:11 of 2nd period - Snap shot by Shea Theodore.
12:11 of 2nd period - Deflect By Kevin Hayes.
12:11 of 2nd period - Stopped by Thatcher Demko with a rebound.
12:13 of 2nd period - Snap shot by Kevin Hayes.
12:13 of 2nd period - Stopped by Thatcher Demko with a rebound.
12:15 of 2nd period - Slapshot by Kevin Hayes.
12:15 of 2nd period - Shot Misses the Net.
12:17 of 2nd period - Wrist shot by Jesper Bratt.
12:17 of 2nd period - Shot Misses the Net.
12:19 of 2nd period - Snap shot by Shea Theodore.
12:19 of 2nd period - Stopped by Thatcher Demko with a rebound.
12:21 of 2nd period - Slapshot by Shea Theodore.
12:21 of 2nd period - Shot Misses the Net.
13:21 of 2nd period - Wrist shot by Roman Josi.
13:21 of 2nd period - Shot Blocked by Morgan Rielly.
14:28 of 2nd period - Michael Rasmussen is hit by Evgeny Kuznetsov and loses puck.
14:37 of 2nd period - Slapshot by Seth Jones.
14:37 of 2nd period - Stopped by Andrei Vasilevskiy with a rebound.
14:39 of 2nd period - Backhand shot by Brent Burns.
14:39 of 2nd period - Deflect By Michael Rasmussen.
14:39 of 2nd period - Goal by Michael Rasmussen - Chicago Black Hawks : 1 - Colorado Rockies : 1.
14:40 of 2nd period - Bo Horvat wins face-off versus Tim Stutzle in neutral zone.
14:58 of 2nd period - Minor Penalty to Brent Burns for Interference.
14:59 of 2nd period - Frederick Gaudreau wins face-off versus Tim Stutzle in Chicago Black Hawks zone.
15:11 of 2nd period - Wrist shot by Michael Rasmussen.
15:11 of 2nd period - Shot Blocked by Tim Stutzle.
16:58 of 2nd period - Penalty to Brent Burns is over, Brent Burns is back on ice.
17:26 of 2nd period - Tim Stutzle is hit by Seth Jones and loses puck.
17:40 of 2nd period - Off-side.
17:41 of 2nd period - Morgan Frost wins face-off versus Kevin Hayes in neutral zone.
18:05 of 2nd period - Slapshot by Quinn Hughes.
18:05 of 2nd period - Shot Misses the Net.
18:07 of 2nd period - Wrist shot by Evgeny Kuznetsov.
18:07 of 2nd period - Shot Misses the Net.
18:47 of 2nd period - Minor Penalty to Victor Hedman for Tripping.
18:48 of 2nd period - Patrice Bergeron wins face-off versus Tim Stutzle in Colorado Rockies zone.
18:51 of 2nd period - Snap shot by Barrett Hayton.
18:51 of 2nd period - Shot Blocked by Roman Josi.
18:53 of 2nd period - Wrist shot by Patrice Bergeron.
18:53 of 2nd period - Shot Misses the Net.
18:59 of 2nd period - Snap shot by Patrice Bergeron.
18:59 of 2nd period - Shot Misses the Net.
19:01 of 2nd period - Snap shot by Brent Burns.
19:01 of 2nd period - Shot Misses the Net.
19:13 of 2nd period - Shea Theodore is hit by Vincent Trocheck and loses puck.
19:44 of 2nd period - Travis Sanheim is hit by David Pastrnak and loses puck.
Goals for this period are 1 for Chicago Black Hawks vs 0 for Colorado Rockies.
Shots for this period are 8 for Chicago Black Hawks vs 6 for Colorado Rockies.
3rd period
0:01 of 3rd period - Tim Stutzle wins face-off versus Patrice Bergeron in neutral zone.
0:47 of 3rd period - Penalty to Victor Hedman is over, Victor Hedman is back on ice.
1:03 of 3rd period - Slapshot by Shea Theodore.
1:03 of 3rd period - Shot Misses the Net.
1:21 of 3rd period - Snap shot by Evgeny Kuznetsov.
1:21 of 3rd period - Stopped by Thatcher Demko with a rebound.
2:01 of 3rd period - Christopher Tanev is hit by Quinn Hughes.
2:22 of 3rd period - Jesper Bratt is hit by Michael Rasmussen and loses puck.
2:43 of 3rd period - Cal Clutterbuck is hit by Evgeny Kuznetsov and loses puck.
3:33 of 3rd period - Snap shot by Michael Rasmussen.
3:33 of 3rd period - Stopped by Andrei Vasilevskiy with a rebound.
3:35 of 3rd period - Slapshot by Seth Jones.
3:35 of 3rd period - Shot Blocked by Martin Fehervary.
3:49 of 3rd period - Dylan Strome is hit by Cal Clutterbuck and loses puck.
3:55 of 3rd period - Icing by Nick Bonino.
3:56 of 3rd period - Nick Schmaltz wins face-off versus Bo Horvat in Colorado Rockies zone.
4:05 of 3rd period - Wrist shot by Nick Bonino.
4:05 of 3rd period - Stopped by Thatcher Demko without a rebound.
4:06 of 3rd period - Bo Horvat wins face-off versus Tim Stutzle in Chicago Black Hawks zone.
4:11 of 3rd period - Slapshot by Seth Jones.
4:11 of 3rd period - Shot Misses the Net.
4:13 of 3rd period - Slapshot by Brent Burns.
4:13 of 3rd period - Stopped by Andrei Vasilevskiy with a rebound.
4:17 of 3rd period - Snap shot by Barrett Hayton.
4:17 of 3rd period - Shot Misses the Net.
4:19 of 3rd period - Snap shot by Bo Horvat.
4:19 of 3rd period - Stopped by Andrei Vasilevskiy with a rebound.
4:37 of 3rd period - Slapshot by Jaden Schwartz.
4:37 of 3rd period - Shot Misses the Net.
4:39 of 3rd period - Minor Penalty to Roman Josi for Holding Stick.
4:40 of 3rd period - Bo Horvat wins face-off versus Tim Stutzle in Colorado Rockies zone.
4:47 of 3rd period - Snap shot by Kevin Fiala.
4:47 of 3rd period - Shot Blocked by Victor Hedman.
4:49 of 3rd period - Wrist shot by Vincent Trocheck.
4:49 of 3rd period - Goal by Vincent Trocheck - Chicago Black Hawks : 2 - Colorado Rockies : 1.
4:50 of 3rd period - Tim Stutzle wins face-off versus Bo Horvat in neutral zone.
5:01 of 3rd period - Wrist shot by Kyle Connor.
5:01 of 3rd period - Stopped by Thatcher Demko with a rebound.
5:21 of 3rd period - Snap shot by Vincent Trocheck.
5:21 of 3rd period - Stopped by Andrei Vasilevskiy without a rebound.
5:22 of 3rd period - Ryan O'Reilly wins face-off versus Patrice Bergeron in Colorado Rockies zone.
5:51 of 3rd period - Snap shot by Patrice Bergeron.
5:51 of 3rd period - Stopped by Andrei Vasilevskiy with a rebound.
5:53 of 3rd period - Slapshot by Morgan Rielly.
5:53 of 3rd period - Shot Blocked by Timothy Liljegren.
5:55 of 3rd period - Snap shot by Devon Toews.
5:55 of 3rd period - Stopped by Andrei Vasilevskiy without a rebound.
5:56 of 3rd period - Bo Horvat wins face-off versus Ryan O'Reilly in Colorado Rockies zone.
6:09 of 3rd period - Slapshot by Jaden Schwartz.
6:09 of 3rd period - Shot Blocked by Jesper Bratt.
6:52 of 3rd period - Slapshot by Tim Stutzle.
6:52 of 3rd period - Shot Misses the Net.
7:39 of 3rd period - Wrist shot by Ryan O'Reilly.
7:39 of 3rd period - Shot Misses the Net.
7:41 of 3rd period - Snap shot by Ryan O'Reilly.
7:41 of 3rd period - Stopped by Thatcher Demko without a rebound.
7:42 of 3rd period - Frederick Gaudreau wins face-off versus Tim Stutzle in Chicago Black Hawks zone.
8:14 of 3rd period - Bo Horvat is hit by Jesper Bratt and loses puck.
8:31 of 3rd period - Snap shot by Dylan Strome.
8:31 of 3rd period - Stopped by Thatcher Demko without a rebound.
8:32 of 3rd period - Nick Schmaltz wins face-off versus Patrice Bergeron in Chicago Black Hawks zone.
8:35 of 3rd period - Slapshot by Nick Schmaltz.
8:35 of 3rd period - Shot Blocked by Morgan Rielly.
8:37 of 3rd period - Slapshot by Shea Theodore.
8:37 of 3rd period - Stopped by Thatcher Demko without a rebound.
8:38 of 3rd period - Tim Stutzle wins face-off versus Bo Horvat in Chicago Black Hawks zone.
9:15 of 3rd period - Backhand shot by Jesper Bratt.
9:15 of 3rd period - Stopped by Thatcher Demko with a rebound.
9:31 of 3rd period - Snap shot by Vincent Trocheck.
9:31 of 3rd period - Deflect By Kevin Fiala.
9:31 of 3rd period - Stopped by Andrei Vasilevskiy with a rebound.
9:49 of 3rd period - Slapshot by Devon Toews.
9:49 of 3rd period - Shot Blocked by Victor Hedman.
9:51 of 3rd period - Slapshot by Cole Perfetti.
9:51 of 3rd period - Stopped by Andrei Vasilevskiy without a rebound.
9:52 of 3rd period - Evgeny Kuznetsov wins face-off versus Frederick Gaudreau in Colorado Rockies zone.
10:03 of 3rd period - Snap shot by Cole Perfetti.
10:03 of 3rd period - Shot Misses the Net.
10:11 of 3rd period - Wrist shot by Jakub Vrana.
10:11 of 3rd period - Stopped by Thatcher Demko without a rebound.
10:12 of 3rd period - Tim Stutzle wins face-off versus Jaden Schwartz in Chicago Black Hawks zone.
10:46 of 3rd period - Backhand shot by Quinn Hughes.
10:46 of 3rd period - Stopped by Thatcher Demko without a rebound.
10:47 of 3rd period - Vincent Trocheck wins face-off versus Ryan O'Reilly in Chicago Black Hawks zone.
11:22 of 3rd period - Tim Stutzle is hit by Bo Horvat and loses puck.
11:37 of 3rd period - Snap shot by Nick Schmaltz.
11:37 of 3rd period - Shot Misses the Net.
12:07 of 3rd period - Snap shot by Kyle Palmieri.
12:07 of 3rd period - Stopped by Thatcher Demko without a rebound.
12:08 of 3rd period - Tim Stutzle wins face-off versus Bo Horvat in Chicago Black Hawks zone.
12:09 of 3rd period - Wrist shot by David Pastrnak.
12:09 of 3rd period - Shot Misses the Net.
12:11 of 3rd period - Slapshot by Tim Stutzle.
12:11 of 3rd period - Deflect By Kyle Connor.
12:11 of 3rd period - Deflect By Jaden Schwartz.
12:11 of 3rd period - Shot Misses the Net.
12:11 of 3rd period - Puck is out of play.
12:12 of 3rd period - Bo Horvat wins face-off versus David Pastrnak in Chicago Black Hawks zone.
12:12 of 3rd period - Bo Horvat is hit by Tim Stutzle.
13:08 of 3rd period - Wrist shot by Michael Rasmussen.
13:08 of 3rd period - Stopped by Andrei Vasilevskiy with a rebound.
13:22 of 3rd period - Backhand shot by Cole Perfetti.
13:22 of 3rd period - Shot Blocked by Jakub Vrana.
13:44 of 3rd period - Snap shot by Barrett Hayton.
13:44 of 3rd period - Deflect By Jaden Schwartz.
13:44 of 3rd period - Stopped by Andrei Vasilevskiy without a rebound.
13:45 of 3rd period - Tim Stutzle wins face-off versus Patrice Bergeron in Colorado Rockies zone.
13:59 of 3rd period - Slapshot by Tim Stutzle.
13:59 of 3rd period - Stopped by Thatcher Demko with a rebound.
14:01 of 3rd period - Slapshot by Quinn Hughes.
14:01 of 3rd period - Stopped by Thatcher Demko with a rebound.
14:18 of 3rd period - Snap shot by Ryan O'Reilly.
14:18 of 3rd period - Shot Misses the Net.
14:39 of 3rd period - Snap shot by Kyle Palmieri.
14:39 of 3rd period - Shot Misses the Net.
14:41 of 3rd period - Slapshot by Shea Theodore.
14:41 of 3rd period - Shot Blocked by Cal Clutterbuck.
15:19 of 3rd period - Wrist shot by Jesper Bratt.
15:19 of 3rd period - Stopped by Thatcher Demko with a rebound.
15:24 of 3rd period - Off-side.
15:25 of 3rd period - Nick Schmaltz wins face-off versus Patrice Bergeron in neutral zone.
16:01 of 3rd period - Wrist shot by Patrice Bergeron.
16:01 of 3rd period - Shot Blocked by Shea Theodore.
16:11 of 3rd period - Slapshot by Patrice Bergeron.
16:11 of 3rd period - Stopped by Andrei Vasilevskiy with a rebound.
16:13 of 3rd period - Slapshot by Devon Toews.
16:13 of 3rd period - Shot Misses the Net.
16:15 of 3rd period - Slapshot by Patrice Bergeron.
16:15 of 3rd period - Goal by Patrice Bergeron - Chicago Black Hawks : 3 - Colorado Rockies : 1.
16:16 of 3rd period - Morgan Frost wins face-off versus Nick Schmaltz in neutral zone.
16:45 of 3rd period - Tim Stutzle is hit by Brent Burns and loses puck.
17:08 of 3rd period - Snap shot by Bo Horvat.
17:08 of 3rd period - Stopped by Andrei Vasilevskiy without a rebound.
17:09 of 3rd period - Morgan Frost wins face-off versus Jakub Vrana in Colorado Rockies zone.
17:30 of 3rd period - Minor Penalty to Evgeny Kuznetsov for Holding.
17:31 of 3rd period - Tim Stutzle wins face-off versus Patrice Bergeron in Colorado Rockies zone.
17:56 of 3rd period - Kevin Fiala is hit by Shea Theodore and loses puck.
19:07 of 3rd period - Tim Stutzle is hit by Patrice Bergeron and loses puck.
19:30 of 3rd period - Penalty to Evgeny Kuznetsov is over, Evgeny Kuznetsov is back on ice.
Goals for this period are 2 for Chicago Black Hawks vs 0 for Colorado Rockies.
Shots for this period are 14 for Chicago Black Hawks vs 13 for Colorado Rockies.
Back to the Top